 Dungeon Crawl Stone Soup version 0.17.0-56-gd8de76c (webtiles) character file.

94 ithil the Cudgeler (level 4, -4/45 HPs)
             Began as a Troll Berserker on Dec 5, 2015.
             Was a Believer of Trog.
             Killed by nerve-wracking pain
             ... invoked by Jessica
              (12 damage)
             ... on level 3 of the Dungeon.
             The game lasted 00:10:05 (1811 turns).

ithil the Cudgeler (Troll Berserker)                Turns: 1811, Time: 00:10:05

Health: -4/45      AC:  5    Str: 25    XL:     4   Next: 38%
Magic:  3/3        EV: 10    Int:  3    God:    Trog [**....]
Gold:   95         SH:  0    Dex: 10    Spells: 0 memorised, 3 levels left

rFire  . . .     SeeInvis .     a - +0 mace
rCold  . . .     Clarity  .     b - +0 animal skin
rNeg   . . .     SustAt   .     (no shield)
rPois  .         Gourm    +     (helmet restricted)
rElec  .         Spirit   .     (no cloak)
rCorr  .         Warding  .     (gloves unavailable)
rMut   .         Stasis   .     (boots unavailable)
MR     .....                    h - amulet of faith
Stlth  +.........               (no ring)
                                (no ring)

@: lethally poisoned (-4 -> -5), not resistant to hostile enchantments, very
unstealthy
A: unfitting armour, claws 3, fast metabolism 3, gourmand, regeneration 2,
shaggy fur 1, tough skin 2
a: Berserk, Trog's Hand, Burn Spellbooks, Renounce Religion


You were on level 3 of the Dungeon.
You worshipped Trog.
Trog was pleased with you.
You were very full.

You visited 1 branch of the dungeon, and saw 4 of its levels.

You collected 95 gold pieces.

Inventory:

Hand Weapons
 a - a +0 mace (weapon)
 k - a +0 short sword
Missiles
 d - 33 poisoned needles
 p - 43 stones (quivered)
Armour
 b - a +0 animal skin (worn)
 m - a +0 robe
 u - a +0 leather armour
Jewellery
 h - an amulet of faith (around neck)
 s - an uncursed amulet of rage
Scrolls
 e - 3 scrolls of identify
 f - a scroll of amnesia
 g - 2 scrolls of blinking
 r - a scroll of fear {unknown}
 t - a scroll of magic mapping {unknown}
Potions
 i - a potion of flight {unknown}
 j - 2 potions of might {unknown}
 l - 2 potions of brilliance {unknown}
 o - a potion of degeneration {unknown}
Comestibles
 c - 3 bread rations
 q - a meat ration


   Skills:
 + Level 3.0 Fighting
 + Level 3.3 Maces & Flails
 + Level 3.3 Dodging
 + Level 0.2 Stealth


You had 3 spell levels left.
You didn't know any spells.

Dungeon Overview and Level Annotations

Branches:
Dungeon (4/15)
 Temple: D:4-7

Altars:

Annotations:
D:3 Jessica


Innate Abilities, Weirdness & Mutations

You are too large for most types of armour.
You have claws for hands.
Your metabolism is lightning-fast.
You like to eat raw meat.
You heal very quickly.
You are covered in fur (AC +1).
You have very tough skin (AC +2).


Message History

Jessica is lightly wounded.
You feel sick. Jessica hits you. Jessica hits you.
* * * LOW HITPOINT WARNING * * *
You hit Jessica but do no damage.
Jessica is lightly wounded.
You feel sick. Jessica hits you.
* * * LOW HITPOINT WARNING * * *
Jessica hits you.
* * * LOW HITPOINT WARNING * * *
You barely miss Jessica.
Jessica is lightly wounded.
Jessica hits you.
* * * LOW HITPOINT WARNING * * *
Jessica barely misses you.
You hit Jessica.
Jessica is heavily wounded.
Jessica grins evilly.
Jessica gestures at you while chanting. Pain shoots through your body!
You die...

#...#......##...8....#
###......#..###..........#
............#
#####...###.# #.......##.#
.###.. . #.##.......# ####
#.. #.####...### #.. .###
#.# #...# #.###..###. #.##
#...# #.@.......#
#..###...#### #@##.......
##............##.# .S..###
............#..... .......
.##...........##........##
.##.##....#.####.!##.S....
....##....#.# #... ....##
.#####....# # ##.# .....
..........#.# ..
.##.##.#.##.


You could see Jessica.

Vanquished Creatures
  4 adders
  2 oozes
  A worm (D:2)
  3 giant geckos
  2 giant cockroaches
  5 goblins
  11 hobgoblins
  4 kobolds
  A ball python (D:1)
  6 bats
  6 rats
45 creatures vanquished.

Notes
Turn   | Place    | Note
--------------------------------------------------------------
     0 | D:1      | ithil the Troll Berserker began the quest for the Orb.
     0 | D:1      | Reached XP level 1. HP: 22/22 MP: 0/0
   207 | D:1      | Reached XP level 2. HP: 23/29 MP: 1/1
   484 | D:1      | Reached skill level 3 in Maces & Flails
   520 | D:1      | Reached ** piety under Trog
   831 | D:1      | Reached XP level 3. HP: 36/36 MP: 2/2
  1595 | D:2      | You fall through a shaft for 2 floors!
  1612 | D:3      | Reached XP level 4. HP: 44/44 MP: 3/3
  1771 | D:3      | Found a faded altar to an unknown god.
  1786 | D:3      | Noticed Jessica
  1811 | D:3      | Killed from afar by Jessica

Action                   |  1- 3 |  4- 6 || total
-------------------------+-------+-------++-------
Melee: Mace              |   122 |    25 ||   147
  Use: Scroll            |     3 |     1 ||     4
       Potion            |     1 |       ||     1
  Eat: Chunk             |    20 |     2 ||    22
